Map: Prion Terraces

Players

ffs - Winner!

  • Race: Terran Terran
  • League: Gold

Hellhammer

  • Race: Terran Terran
  • League: Gold

VOD

Have the link to the VOD?

Description

Time

  • Played on: Feb. 11, 2016, 12:50 a.m.
  • Length: 3:21
Show
View Real Time Build Order
Export as new Build Order

ffs Terran - Winner!

Build Orders:  

Get SALT Encoding   

  12  0:00  SCV  
  13  0:13  SCV  
  14  0:17  Supply Depot  
  14  0:40  Barracks  
  14  0:45  Refinery  
  14  0:52  Barracks  
  14  1:09  Barracks  
  14  1:20  Refinery  
  14  1:28  Reaper  
  15  1:46  Reaper  
  16  1:56  Reaper  
  16  1:59  Supply Depot  
  17  2:05  Reaper  
  18  2:24  SCV  
  19  2:31  Reaper x2  
  21  2:41  Reaper  
  22  2:57  SCV  
Show
View Real Time Build Order
Export as new Build Order

Hellhammer Terran 

Build Orders:  

Get SALT Encoding   

  12  0:01  SCV  
  13  0:13  SCV  
  14  0:17  Supply Depot  
  14  0:25  SCV  
  15  0:39  SCV  
  15  0:42  Barracks  
  16  0:51  Refinery  
  16  0:53  SCV  
  17  1:05  SCV  
  18  1:17  SCV  
  19  1:32  Supply Depot  
  19  1:33  Orbital Command  
  19  1:35  Reaper  
  19  1:38  Refinery  
  20  1:59  SCV  
  21  2:10  Command Center  
  21  2:21  Factory  
  21  2:27  Barracks Reactor  
Tags
 
Add a new tag
Caveats
  • Supply blocks, unpowered buildings, or Contaminate may cause inaccurate times.
  • Supply counts are checked every 10 seconds.